 Dungeon Crawl Stone Soup version 0.25.0-9-g26727b657a (webtiles) character file.

Game seed: 8733154396554504110

149 xccam the Insei (level 5, -4/33 HPs)
             Began as an Octopode Transmuter on June 17, 2020.
             Slain by an orc wizard
             ... wielding a +0 dagger
              (7 damage)
             ... on level 3 of the Dungeon.
             The game lasted 00:02:55 (2811 turns).

xccam the Insei (Octopode Transmuter)               Turns: 2811, Time: 00:02:58

Health: -4/33      AC:  3    Str:  7 (8)  XL:     5   Next: 31%
Magic:  5/8        EV: 13    Int: 14 (15) God:
Gold:   158        SH:  0    Dex: 12 (13) Spells: 5/8 levels left

rFire    . . .     SeeInvis .     - Unarmed
rCold    . . .     Gourm    .   (no shield)
rNeg     . . .     Faith    .   (helmet restricted)
rPois    .         Spirit   .   (no amulet)
rElec    .         Reflect  .   i - ring of resist corrosion
rCorr    +         Harm     .   (no ring)
MR       .....                  (no ring)
Stlth    ++........             (no ring)
HPRegen  0.11/turn              (no ring)
MPRegen  0.11/turn              (no ring)
                                (no ring)
                                (no ring)

@: very slightly contaminated
A: almost no armour, stealthy swim, amphibious, 8 rings, constrict 8, antennae
1, slimy green scales 1, camouflage 1, weak 1, gelatinous body 1
a: no special abilities


You were on level 3 of the Dungeon.
You were not hungry.

You visited 1 branch of the dungeon, and saw 3 of its levels.

You collected 158 gold pieces.

Inventory:

Missiles
 a - 71 arrows
Jewellery
 i - a ring of resist corrosion (left tentacle)
Scrolls
 b - 3 scrolls of amnesia {unknown}
 f - 2 scrolls of identify {unknown}
 h - a scroll of random uselessness {unknown}
 l - a scroll of teleportation {unknown}
 m - a scroll of immolation {unknown}
Potions
 g - a potion of flight {unknown}
 j - a potion of brilliance {unknown}
Comestibles
 c - 4 rations


   Skills:
 - Level 1.0 Fighting
 - Level 2.0 Dodging
 + Level 5.8 Unarmed Combat
 - Level 2.0 Spellcasting
 - Level 2.0 Transmutations


You had 5 spell levels left.
You knew the following spells:

 Your Spells              Type           Power        Failure   Level  Hunger
a - Beastly Appendage     Tmut           #.....       11%         1    ##.....
b - Sticks to Snakes      Tmut           #.......     16%         2    ###....

Your spell library contained the following spells:

 Spells                   Type           Power        Failure   Level  Hunger
 Spider Form              Tmut/Pois      #.........   43%         3    ####...
 Ice Form                 Ice/Tmut       #.......     83%         4    #####..
 Blade Hands              Tmut           #.........   96%         5    ######.


Dungeon Overview and Level Annotations

Branches:
Dungeon (3/15)

Altars:
Ashenzari
Fedhas


Innate Abilities, Weirdness & Mutations

You cannot wear most types of armour.
You are very stealthy in the water. (Stealth+)
You are amphibious.
You can wear up to eight rings at the same time.
You can use your tentacles to constrict eight enemies at once.
Your skin changes colour to match your surroundings (Stealth+).
Your rubbery body absorbs attacks. (AC +1, EV +1)
You have a pair of small antennae on your head.
You are partially covered in slimy green scales. (AC +2)
You are weak. (Str -2)


Message History

The orc priest casts a cantrip, but nothing happens.
You hear some strange, mumbled words.
A magic dart appears from out of thin air!
The magic dart hits you!
* * * LOW HITPOINT WARNING * * *
The orc wizard mumbles some strange words.
The orc wizard seems to speed up.
It was a potion of degeneration.
There was something very wrong with that liquid.
You feel weakened.
You feel dopey.
You feel clumsy. The orc priest closely misses you.
Something completely misses you.
Unknown command.
It was a potion of mutation.
You feel extremely strange.
You feel weaker.
Slimy green scales grow over part of your body.
A pair of antennae grows on your head! The orc priest hits you with a +0 mace.
* * * LOW HITPOINT WARNING * * *
Something hits you!
You die...

#....# #.##
#######.##.# #.#
#.......##.########.#
#.########..........#
#.# ################
#.#####.####### ...
#.............. ##
#########..#####.
#....o{@o....#
#.#.)####.##.#
#..........# .#
.....o...<... ..
#>............... ..
#.##.#.o..#<#.#.# .#
#< .. ......#.# # #
#. .###... # .. .. ..
..# ##


You could see an orc priest and an orc wizard (fast).

Vanquished Creatures
  A worker ant (D:2)
  7 adders
  A worm (D:2)
  2 dart slugs
  2 orcs (D:3)
  4 bats
  A giant cockroach (D:2)
  8 goblins
  8 hobgoblins
  6 jackals (D:1)
  A frilled lizard (D:1)
  6 kobolds (D:2)
  8 rats
55 creatures vanquished.

Notes
Turn   | Place    | Note
-------+----------+-------------------------------------------
     0 | D:1      | xccam the Octopode Transmuter began the quest for the Orb.
     0 | D:1      | Reached XP level 1. HP: 13/13 MP: 3/3
    91 | D:1      | Found a shattered altar of Ashenzari.
   221 | D:1      | Reached XP level 2. HP: 14/18 MP: 5/5
   635 | D:1      | Reached skill level 4 in Unarmed Combat
   763 | D:1      | Reached XP level 3. HP: 23/23 MP: 6/6
  1125 | D:2      | Learned a level 2 spell: Sticks to Snakes
  1166 | D:2      | Reached XP level 4. HP: 16/28 MP: 4/7
  1421 | D:2      | Reached skill level 5 in Unarmed Combat
  1846 | D:2      | Found a blossoming altar of Fedhas.
  2296 | D:2      | Reached XP level 5. HP: 26/33 MP: 8/8
  2811 | D:3      | Gained mutation: You are weak. (Str -2) [potion of
                  | mutation]
  2811 | D:3      | Gained mutation: You are partially covered in slimy green
                  | scales. (AC +2) [potion of mutation]
  2811 | D:3      | Gained mutation: You have a pair of small antennae on your
                  | head. [potion of mutation]
  2811 | D:3      | Slain by an orc wizard

Illustrated notes

Levels and vault maps discovered:
D:1:      zelgadis_glass_arrival_small, layout_loops_ring,
          minmay_misc_feat_four_crosses, nicolae_ashenzari_panopticon
D:2:      minmay_wonky_spiral, layout_loops_cross, fedhas_altar_3, first_ration
D:3:      layout_basic

Skill      XL: |  1  2  3  4 |
---------------+-------------+-----
Unarmed Combat | 4 5 |  5.8
Fighting       | |  1.0
Dodging        | |  2.0
Spellcasting   | |  2.0
Transmutations | |  2.0

Action                   |  1- 3 |  4- 6 || total
-------------------------+-------+-------++-------
Melee: Unarmed           |    52 |    62 ||   114
       Constrict         |    13 |    14 ||    27
       Tentacles         |     8 |     7 ||    15
       Punch             |     4 |     3 ||     7
       Kick              |     6 |     2 ||     8
 Cast: Beastly Appendage |     4 |     2 ||     6
       Sticks to Snakes  |       |     1 ||     1
  Use: Potion            |     1 |     4 ||     5
 Stab: Sleeping          |     5 |     6 ||    11
  Eat: Chunk             |     1 |     5 ||     6
Armor: Skin              |     3 |     1 ||     4
Dodge: Dodged            |    46 |    25 ||    71
